 Dungeon Crawl Stone Soup version 0.26-a0-682-g294304f6e8 (webtiles) character file.

Game seed: 13946756354445862685

352 grandjackal the Slasher (level 6, -2/48 HPs)
             Began as a Demonspawn Gladiator on Oct 22, 2020.
             Was a Follower of Okawaru.
             Slain by an orc priest
             ... wielding a cursed -1 dagger
              (5 damage)
             ... on level 4 of the Dungeon.
             The game lasted 00:03:53 (3511 turns).

grandjackal the Slasher (Demonspawn Gladiator)      Turns: 3511, Time: 00:03:54

Health: -2/48      AC:  3    Str: 17    XL:     6   Next: 35%
Magic:  8/8        EV: 13    Int:  9    God:    Okawaru [*.....]
Gold:   212        SH:  0    Dex: 14    Spells: 5/5 levels left

rFire    . . .     SeeInvis .   a - +0 long sword
rCold    . . .     Faith    .   (no shield)
rNeg     . . .     Spirit   .   b - +0 leather armour
rPois    .         Reflect  .   (helmet restricted)
rElec    .         Harm     .   (no cloak)
rCorr    .         Rampage  .   (no gloves)
MR       .....                  (no boots)
Stlth    +.........             (no amulet)
HPRegen  0.16/turn              (no ring)
MPRegen  0.11/turn              (no ring)

@: no status effects
A: horns 1, powered by death 1, powered by pain 1
a: Heroism, Renounce Religion


You were on level 4 of the Dungeon.
You worshipped Okawaru.
Okawaru was aware of your devotion.
You visited 1 branch of the dungeon, and saw 4 of its levels.

You collected 212 gold pieces.

Inventory:

Hand Weapons
 a - a +0 long sword (weapon)
 c - a +2 dagger of venom
Missiles
 d - 3 throwing nets (quivered)
Armour
 b - a +0 leather armour (worn)
Scrolls
 e - 2 scrolls of random uselessness {unknown}
 f - 4 scrolls of identify {unknown}
 j - 2 scrolls of fog {unknown}
 m - a scroll of magic mapping {unknown}
 p - 2 scrolls of enchant armour {unknown}
 q - 2 scrolls of amnesia {unknown}
 s - a scroll of teleportation {unknown}
 t - 3 scrolls of remove curse {unknown}
Potions
 i - a potion of ambrosia {unknown}
 k - a potion of magic {unknown}
 l - a potion of might {unknown}
 o - a potion of cancellation
 r - a potion of brilliance {unknown}
 u - a potion of flight {unknown}


   Skills:
 + Level 3.9 Fighting
 + Level 4.1 Long Blades
 - Level 1.7 Throwing
 + Level 4.1 Dodging
 + Level 3.1 Invocations


You had 5 spell levels left.
You didn't know any spells.
Your spell library was empty.

Dungeon Overview and Level Annotations

Branches:
Dungeon (4/15)
 Temple: D:4-7

Altars:
Ashenzari
Elyvilon
Fedhas
Okawaru
Zin


Innate Abilities, Weirdness & Mutations

You have a pair of small horns on your head.
You regenerate a little health from kills.
You sometimes gain a little power by taking damage.


Message History

Something hits you but does no damage. The orc priest barely misses you.
Unknown command.
You barely miss the orc priest.
You headbutt the orc priest, but do no damage.
The orc priest is lightly wounded.
Something hits you but does no damage.
The orc priest invokes the aid of Beogh against you.
Beogh smites you!
* * * LOW HITPOINT WARNING * * *
You closely miss the orc priest. Your headbutt misses the orc priest.
The orc priest is lightly wounded.
Something hits you.
* * * LOW HITPOINT WARNING * * *
The orc priest casts a cantrip, but nothing happens.
Something hits you.
* * * LOW HITPOINT WARNING * * *
You hit the orc priest. You headbutt the orc priest.
The orc priest is severely wounded.
The orc priest hits you with a cursed -1 dagger.
You die...

......#....##
#####.............
#.####....##
####.........# ##
#....## ###
#####.....# #.<..##
##.### ##...###
#....##
##....######....#
#......
##........##.....#
........
#...........≈♣≈..#
........
#..)........≈≈♣..#
........#
#..@........♣♣...#
#..o{.......PP.#.#
###............##.#
#.............## .#
#####.##'##......##
#.....#..†......##
#.....#........#
#....#.#...####.#
#....#⌠.#.'##


You could see an orc priest.

Vanquished Creatures
  An ice beast (D:4)
  A howler monkey (D:4)
  2 orc priests (D:3)
  2 orc wizards
  3 adders (D:3)
  An ooze (D:2)
  2 worms (D:3)
  5 dart slugs
  2 leopard geckos (D:2)
  9 orcs
  4 giant cockroaches
  8 goblins
  4 hobgoblins
  5 jackals
  6 kobolds
  A quokka (D:3)
  9 bats
  7 frilled lizards
  5 rats
77 creatures vanquished.

Notes
Turn   | Place    | Note
-------+----------+-------------------------------------------
     0 | D:1      | grandjackal the Demonspawn Gladiator began the quest for
                  | the Orb.
     0 | D:1      | Reached XP level 1. HP: 16/16 MP: 1/1
   263 | D:1      | Gained mutation: You have a pair of small horns on your
                  | head. [demonic ancestry]
   263 | D:1      | Reached XP level 2. HP: 22/22 MP: 2/2
   652 | D:1      | Reached XP level 3. HP: 28/28 MP: 3/3
  1546 | D:2      | Found a glowing silver altar of Zin.
  1765 | D:2      | Found an iron altar of Okawaru.
  1775 | D:2      | Became a worshipper of Warmaster Okawaru
  1884 | D:3      | Found a white marble altar of Elyvilon.
  1997 | D:3      | Gained mutation: You sometimes gain a little power by
                  | taking damage. [demonic ancestry]
  1997 | D:3      | Reached XP level 4. HP: 24/35 MP: 4/4
  2350 | D:3      | Reached skill level 1 in Invocations
  2683 | D:3      | Found a blossoming altar of Fedhas.
  2867 | D:3      | Gained mutation: You regenerate a little health from kills.
                  | [demonic ancestry]
  2867 | D:3      | Reached XP level 5. HP: 12/41 MP: 6/6
  3258 | D:4      | Noticed an ice beast
  3260 | D:4      | Killed an ice beast
  3260 | D:4      | Reached * piety under Okawaru
  3260 | D:4      | Reached XP level 6. HP: 34/48 MP: 6/8
  3384 | D:4      | Found a broken altar of Ashenzari.
  3511 | D:4      | Slain by an orc priest

Illustrated notes

Levels and vault maps discovered:
D:1:      dpeg_arrival_refuge, layout_basic
D:2:      minmay_spotlight, layout_basic, old_standard_altar, zin_statuary
D:3:      layout_basic, elyvilon_altar_3, lemuel_round_altar
D:4:      layout_cave_pods, evilmike_ruin_ashenzari,
          lemuel_zombie_altar_yredelemnul, temple_green, serial_column_ruins,
          column_ruins_columns_corner, column_ruins_corridor_straight,
          column_ruins_corridor_straight, serial_bayou_pond_d, uniq_edmund,
          uniq_eustachio

Skill      XL: |  1  2  3  4  5  6 |
---------------+-------------------+-----
Long Blades    | 3 4 |  4.1
Dodging        | 3 4 |  4.1
Fighting       | 3 |  3.9
Invocations    | 1 2 3 |  3.1
Throwing       | |  1.7

Action                   |  1- 3 |  4- 6 || total
-------------------------+-------+-------++-------
Melee: Long sword        |   104 |    84 ||   188
       Headbutt          |    14 |    19 ||    33
  Use: Potion            |       |     5 ||     5
 Stab: Sleeping          |       |     3 ||     3
Armor: Leather armour    |    26 |     9 ||    35
Dodge: Dodged            |    96 |    42 ||   138
       Rpst.: Long sword |    30 |    13 ||    43

Table legend: (Time is in decaauts)
 A = Elapsed time spent in this place.
 B = Non-inter-level travel time spent in this place.
 C = Inter-level travel time spent in this place.
 D = Time resting spent in this place.
 E = Time spent auto-exploring this place.
 F = Levels seen in this place.
 G = Mean time per level.
                   A        B        C        D        E       F      G
               +--------+--------+--------+--------+--------+-----+--------+
         Total |   3548 |   3485 |     63 |   1071 |   1917 |   4 |  887.0 |
       Dungeon |   3548 |   3485 |     63 |   1071 |   1917 |   4 |  887.0 |
               +--------+--------+--------+--------+--------+-----+--------+

Top non-repeatable levels by time:
     D:3: 1403 daAuts
     D:1: 964 daAuts
     D:2: 924 daAuts
     D:4: 255 daAuts
